 Dungeon Crawl Stone Soup version 0.30-a0-897-ga2f19c967e (webtiles) character file.

Game seed: 836044951601013735

7 Lavandula the Poker (level 2, 16/16 (22) HPs)
             Began as a Human Gladiator on Mar 18, 2023.
             Quit the game on level 1 of the Dungeon.
             The game lasted 00:00:59 (157 turns).

Lavandula the Poker (Human Gladiator)                Turns: 157, Time: 00:01:00

HP:   16/16 (22)    AC:  4    Str: 14    XL:     2   Next: 10%
MP:   2/2           EV: 12    Int:  8    God:
Gold: 0             SH:  0    Dex: 14    Spells: 1/1 levels left

rFire   . . .      SeeInvis .    g - +1 dagger (drain)
rCold   . . .      Faith    .    (no shield)
rNeg    . . .      Spirit   .    b - +0 leather armour
rPois   .          Reflect  .    c - +0 helmet
rElec   .          Rampage  .    (no cloak)
rCorr   .                        (no gloves)
Will    .....                    (no boots)
Stlth   +                        (no amulet)
HPRegen 0.22/turn                (no ring)
MPRegen 0.08/turn                (no ring)

@: very heavily drained
A: no striking features
a: no special abilities


You were on level 1 of the Dungeon.
You visited 1 branch of the dungeon, and saw 1 of its levels.

Inventory:

Hand Weapons
 a - a +0 trident
 g - a +1 dagger of draining (weapon)
Missiles
 d - 3 throwing nets (quivered)
 e - a javelin
Armour
 b - a +0 leather armour (worn)
 c - a +0 helmet (worn)
Potions
 f - a potion of degeneration {unknown}


   Skills:
 - Level 2.0 Fighting
 - Level 3.5 Polearms
 - Level 2.0 Throwing
 - Level 3.0 Dodging


You had one spell level left.
You didn't know any spells.
Your spell library was empty.

Dungeon Overview and Level Annotations

Branches:
Dungeon (1/15)

Altars:


Message History

The kobold hits you with a +1 dagger of draining.
You feel drained.
You hit the kobold.
The kobold is moderately wounded.
The kobold hits you with a +1 dagger of draining.
You feel drained.
You hit the kobold but do no damage.
The kobold is moderately wounded.
The kobold closely misses you.
You hit the kobold but do no damage.
The kobold is moderately wounded.
The kobold hits you with a +1 dagger of draining.
You feel drained.
You barely miss the kobold.
The kobold is moderately wounded.
The kobold closely misses you.
You hit the kobold but do no damage.
The kobold is moderately wounded.
The kobold hits you but does no damage.
You feel drained.
You hit the kobold.
You kill the kobold!
Things that are here:
a +1 dagger of draining; a kobold corpse
f - a green potion You start resting.
HP restored.
A frilled lizard comes into view.
You see here a +0 dagger.
A frilled lizard is nearby!
A frilled lizard is nearby!
No target in view!
Found a fizzy inky potion.
Things that are here:
a +1 dagger of draining; a kobold corpse
g - a +1 dagger of draining You sense an unholy aura.
g - a +1 dagger of draining (weapon)
Okay, then.
Unknown command.
Are you sure you want to abandon this character and quit the game? (Confirm with "yes".)

..### #....#
#)...##...## #...#..#
#####....#######
#.........##...
#.#####.#....#### # #.#
#.........##.#
##.#####...###).....#
#..).....†.###.#@##.#
..#######.(.#†.#....l..!
.## ##....#####.#### ##
##..## .. # ......# ...
. ........# .. ..
#....(.....# # ...
..#.........# .... .
########....


You could see a frilled lizard.

Vanquished Creatures
  A kobold (D:1)
  3 ball pythons (D:1)
  2 bats (D:1)
  A goblin (D:1)
  A rat (D:1)
8 creatures vanquished.

Notes
Turn   | Place    | Note
-------+----------+-------------------------------------------
     0 | D:1      | Lavandula the Human Gladiator began the quest for the Orb.
     0 | D:1      | Reached XP level 1. HP: 16/16 MP: 1/1
   112 | D:1      | Reached XP level 2. HP: 22/22 MP: 2/2
   157 | D:1      | Quit the game

Illustrated notes

Levels and vault maps discovered:
D:1:      heliophobic_arrival_battle_scene, layout_rooms

Action                     || total
---------------------------++-------
  Melee: Trident           ||    29
 Armour: Leather armour    ||    10
  Dodge: Dodged            ||    18

Table legend: (Time is in decaauts)
 A = Elapsed time spent in this place.
 B = Non-inter-level travel time spent in this place.
 C = Inter-level travel time spent in this place.
 D = Time resting spent in this place.
 E = Time spent auto-exploring this place.
 F = Levels seen in this place.
 G = Mean time per level.
                   A        B        C        D        E       F      G
               +--------+--------+--------+--------+--------+-----+--------+
         Total |    160 |    160 |      0 |     31 |     61 |   1 |  160.0 |
       Dungeon |    160 |    160 |      0 |     31 |     61 |   1 |  160.0 |
               +--------+--------+--------+--------+--------+-----+--------+

Top non-repeatable levels by time:
     D:1: 160 daAuts
